[Event "*** SCC Grand Prix: Titled Tuesday Blitz"]
[Site "Chess.com"]
[Date "2020.07.07"]
[Round "6"]
[White "Onegust"]
[Black "Kopytkin"]
[Result "1-0"]
[WhiteElo "2612"]
[BlackElo "2459"]
[TimeControl "180+1"]
[EndTime "11:07:01 PDT"]
[Termination "Onegust won on time"]

1. e4 Nf6 2. e5 Nd5 3. d4 d6 4.
Nf3 g6 5. c4 Nb6 6. Be2 Bg7 7. exd6 cxd6 8. O-O O-O 9. Nc3 Nc6 10.
h3 Bf5 11. Bg5 h6 12. Bh4 d5 13. c5 Nc4 14. b3 N4a5 15. Re1 g5 16. Bg3 b6 17.
Rc1 bxc5 18. dxc5 e6 19. Bd3 Bxd3 20. Qxd3 Nb7 21. Qa6 Qd7 22. Nb5 Rfc8 23. a3 Nbd8 24. b4 Qb7 25. Qa4 a6 26. Nd6 Qa7 27. h4 gxh4 28.
Bxh4 Rc7 29. Qc2 Rd7 30. Qd3 Nb7 31. Bg3 Nxd6 32. Bxd6 Qb7 33. Ne5 Nxe5 34. Bxe5 f6 35. c6 Qc8 36. cxd7 Qxd7 37. Rc7 Qe8 38. Qg3 Qf8 39. Bd6 1-0

[Event "*** SCC Grand Prix: Titled Tuesday Blitz"]
[Site "Chess.com"]
[Date "2020.07.07"]
[Round "6"]
[White "dopolian"]
[Black "ShapkinAnatoliy"]
[Result "1/2-1/2"]
[WhiteElo "2429"]
[BlackElo "2588"]
[TimeControl "180+1"]
[EndTime "11:07:01 PDT"]
[Termination "Game drawn - insufficient material"]

1. e4 e5 2. Nf3 Nc6 3. Bb5 Nf6 4.
d3 Bc5 5. O-O d6 6. c3 O-O 7.
Nbd2 Ne7 8. b4 Bb6 9. Nc4 Ng6 10.
a4 a6 11. Nxb6 cxb6 12. Bc4 d5 13. exd5 Nxd5 14. Qb3 Ndf4 15. Bxf4 Nxf4 16. Rfe1 Kh8 17. Rxe5 Qf6 18. Re3 Be6 19. Bxe6 fxe6 20. Rae1 Rad8 21. d4 Qg6 22. g3 Nd5 23. Ne5 Qh5 24. R3e2 b5 25.
axb5 axb5 26. f4 g5 27. fxg5 Qxg5 28. Qc2 Rf6 29. Rf2 Rdf8 30. Rxf6 Qxf6 31. Qe2 Nxc3 32. Qe3 Nd5 33. Qe2 Nxb4 34. Rf1 Qxf1+ 35. Qxf1 Rxf1+ 36. Kxf1 Nc6 37. Nf3 Kg7 38. Ke2 Kf6 39. Kd3 h6 40.
Nd2 Kf5 41. h3 h5 42. Ne4 e5 43. Nd6+ Ke6 44. Nxb5 exd4 45. Nxd4+ Nxd4 46. Kxd4 Kf5 47. g4+ Kg5 48. gxh5 Kxh5 49. Kc5 Kh4 50. Kb6 Kxh3 51. Kxb7 1/2-1/2

[Event "*** SCC Grand Prix: Titled Tuesday Blitz"]
[Site "Chess.com"]
[Date "2020.07.07"]
[Round "6"]
[White "IsaacWiebe"]
[Black "guillejr"]
[Result "0-1"]
[WhiteElo "2080"]
[BlackElo "1952"]
[TimeControl "180+1"]
[EndTime "11:07:01 PDT"]
[Termination "guillejr won by checkmate"]

1. d4 Nf6 2. c4 c5 3. d5 b5 4. cxb5 a6 5. bxa6 d6 6. b3 Bxa6 7. Bb2 Nbd7 8. g3 g6 9. Bg2 Bg7 10. Nh3 O-O 11. O-O Qc7 12. Nd2 Rfb8 13. Nf4 Ra7 14. Re1 Qa5 15. Qc2 Ne5 16. Bc3 Qc7 17. h4 h6 18. a4 Rab7 19. Rab1 Nfg4 20. Ne4 Nf6 21. Nxf6+ Bxf6 22. Be4 Qc8 23. Kg2 Rb6 24. Nd3 Nxd3 25. Bxd3 Bxc3 26. Qxc3 Bxd3 27. Qxd3 Qb7 28. a5 Rxb3 29. Rxb3 Qxb3 30. Qd2 c4 31. Qxh6 c3 32. Qe3 Qxd5+ 33. f3 c2 34. Rc1 Qxa5 35. Qd2 Qxd2 36. Rg1 c1=Q 37. Rxc1 Qxc1 38. h5 Qd2 39. hxg6 Rb2 40. gxf7+ Kxf7 41. Kh3 Qxe2 42. Kg4 Qe6+ 43. Kh4 Qf6+ 44. Kh3 Rf2 45. g4 Rxf3+ 46. Kg2 Rf4 47. Kg3 Qg5 48. Kh2 Rxg4 49. Kh1 Qh4# 0-1

[Event "*** SCC Grand Prix: Titled Tuesday Blitz"]
[Site "Chess.com"]
[Date "2020.07.07"]
[Round "6"]
[White "Infernal_XaM"]
[Black "Shield12"]
[Result "1-0"]
[WhiteElo "2947"]
[BlackElo "2832"]
[TimeControl "180+1"]
[EndTime "11:07:02 PDT"]
[Termination "Infernal_XaM won by resignation"]

1. d4 Nf6 2. c4 e6 3. Nf3 d5 4. Nc3 Bb4 5. Qa4+ Nc6 6. Bd2 O-O 7. e3 a5 8. Rc1 Ne7 9. Bd3 b6 10. cxd5 exd5 11. O-O Bb7 12. Ne5 Ne4 13. Be1 f6 14. Nf3 Kh8 15. Qc2 f5 16. Ne5 Ng6 17. f3 Nxc3 18. bxc3 Ba3 19. Rd1 Bd6 20. f4 Qf6 21. g4 Ne7 22. Nd7 Qe6 23. Nxf8 Rxf8 24. gxf5 Qxe3+ 25.
Qf2 Qh3 26. Qg3 Qh5 27. Bd2 Nxf5 28. Qg5 Qh3 29. Bc1 Bc8 30. Qg2 Qh6 31. Qxd5 Rf6 32.
Rf2 Qh3 33. Rg2 Be6 34. Qe4 g6 35. Re1 Bd7 36. Bc4 Rf8 37. Qd3 Qh4 38. Ree2 Bc6 39. d5 Bc5+ 40. Kh1 Bd7 41. Bb5 Bxb5 42. Qxb5 Qh3 43.
Re1 Qf3 44. Qe2 Qxc3 45. Bb2 1-0

[Event "*** SCC Grand Prix: Titled Tuesday Blitz"]
[Site "Chess.com"]
[Date "2020.07.07"]
[Round "6"]
[White "TheBigBoss04"]
[Black "grandemestregringo"]
[Result "1-0"]
[WhiteElo "2755"]
[BlackElo "2497"]
[TimeControl "180+1"]
[EndTime "11:07:02 PDT"]
[Termination "TheBigBoss04 won on time"]

1. Nf3 Nf6 2. g3 g6 3. Bg2 Bg7 4. O-O O-O 5. d4 b6 6. Ne5 c6 7. c4 Bb7 8. Nc3 d6 9. Nf3 Nbd7 10. e4 d5 11. cxd5 cxd5 12. e5 Ne8 13. Re1 Nc7 14.
Bg5 Ne6 15. Be3 a6 16. Qd2 b5 17. Bh6 Qb6 18. Bxg7 Kxg7 19. h4 h5 20. Ng5 Nxg5 21.
Qxg5 e6 22. Ne2 Qd8 23. Qd2 a5 24. Nf4 Qe7 25. Rac1 Rfc8 26. Rxc8 Bxc8 27. Rc1 Nb6 28. Rc5 b4 29. Qc2 Bd7 30. Bf1 Rc8 31. Ba6 Ra8 32. Bd3 Be8 33. Rc7 Nd7 34. Qc6 Rb8 35. Bxg6 fxg6 36.
Nxe6+ Kh6 37. Nf4 Nxe5 38. dxe5 Qxe5 39. Qc1 g5 40. hxg5+ Qxg5 41. Re7 Qxe7 42. Ne6+ Kh7 43. Ng5+ Kg6 44. Nf3 Kh7 45. Qf4 Bf7 46. Qxb8 Qe4 47. Ng5+ Kg6 48. Nxe4 1-0

[Event "*** SCC Grand Prix: Titled Tuesday Blitz"]
[Site "Chess.com"]
[Date "2020.07.07"]
[Round "6"]
[White "Mikasinski"]
[Black "NikolaGry"]
[Result "1/2-1/2"]
[WhiteElo "2447"]
[BlackElo "2608"]
[TimeControl "180+1"]
[EndTime "11:07:03 PDT"]
[Termination "Game drawn by agreement"]

1. e4 d5 2. exd5 Nf6 3. d4 Nxd5 4. c4 Nb6 5. Nc3 e5 6. Qe2 Qxd4 7. Nf3 Qd8 8. Nxe5 Qe7 9. c5 N6d7 10. Nxd7 Qxe2+ 11. Bxe2 Kxd7 12. Be3 c6 13. O-O-O+ Ke8 14. Rhe1 Be6 15. f4 Nd7 16. b4 a5 17. a3 axb4 18. axb4 Bb3 19.
Rd4 Ra1+ 20. Kd2 Rxe1 21. Kxe1 Be7 22. Re4 Nf6 23. Rd4 Nd5 24. Nxd5 Bxd5 25. Kf2 Bf6 26. Rd1 Ke7 27. b5 Ra8 28. bxc6 bxc6 29. Rb1 Ra2 30. Rb7+ Ke6 31. Ke1 Bc3+ 32. Kd1 Bxg2 33. Bc4+ Bd5 34. Bxa2 Bxa2 35. Kc2 Bf6 36. Kd3 Bd5 37.
Bd4 h5 38. Bxf6 Kxf6 39. Kd4 Kf5 40. Rd7 Ke6 41. Rd6+ Ke7 42. Rxd5 cxd5 43. Kxd5 Kd7 44. f5 h4 45. h3 g5 46. fxg6 fxg6 47. Ke5 Kc6 48.
Kf6 Kxc5 49. Kxg6 Kd6 50. Kh5 Ke7 51. Kxh4 Kf8 1/2-1/2

[Event "*** SCC Grand Prix: Titled Tuesday Blitz"]
[Site "Chess.com"]
[Date "2020.07.07"]
[Round "6"]
[White "ArnieChipmunk"]
[Black "skslaviaorlova"]
[Result "1-0"]
[WhiteElo "2315"]
[BlackElo "2088"]
[TimeControl "180+1"]
[EndTime "11:07:03 PDT"]
[Termination "ArnieChipmunk won by resignation"]

1. e4 e5 2. d4 exd4 3. Qxd4 Nc6 4. Qe3 Nf6 5. Nc3 d6 6. Bd2 Be7 7. O-O-O Be6 8. f4 d5 9. exd5 Nxd5 10. Qg3 O-O 11.
Bc4 Nb6 12. Bxe6 fxe6 13. Qg4 Rf5 14. Nge2 h5 15. Qg6 Bf6 16. Ne4 Qe8 17. Nxf6+ Rxf6 18. Qg3 Rd8 19. Bc3 Rg6 20. Qf3 Rxd1+ 21. Rxd1 Nd5 22.
Qxh5 Nce7 23. g3 Qa4 24. Kb1 Qe4 25. Qe5 Qxe5 26. Bxe5 b5 27. Nc3 c6 28. Ne4 Nf5 29. Ng5 Rh6 30. Nf3 Kf8 31. c3 Ke7 32. Bd4 Nxd4 33.
Nxd4 Rxh2 34. Nxc6+ Kd6 35. Nd4 a6 36. f5 e5 37. Nf3 Rf2 38. Ng5 Kc5 39. Ne4+ Kc4 40.
Nxf2 b4 41. cxb4 Nxb4 42. Rc1+ Kd4 43. a3 Nd5 44. Rd1+ Ke3 45. Rxd5 Kxf2 46. Rxe5 Kxg3 47.
Re7 Kf4 48. Rxg7 Kxf5 49. Ra7 1-0

[Event "*** SCC Grand Prix: Titled Tuesday Blitz"]
[Site "Chess.com"]
[Date "2020.07.07"]
[Round "6"]
[White "tteshan"]
[Black "JiiHart"]
[Result "1/2-1/2"]
[WhiteElo "2273"]
[BlackElo "2128"]
[TimeControl "180+1"]
[EndTime "11:07:03 PDT"]
[Termination "Game drawn by agreement"]

1. d4 e6 2. Nf3 Nf6 3. Bf4 c5 4. e3 Qb6 5. Nc3 cxd4 6. Nxd4 Bb4 7. Qd2 Nd5 8. Bg3 Qa5 9. Nb3 Bxc3 10. Nxa5 Bxd2+ 11. Kxd2 Nc6 12. Nc4 O-O 13. Nd6 f5 14. c4 Nf6 15. Bd3 g6 16. a3 e5 17.
Bb1 Ne8 18. Nb5 a6 19. Nc3 Nf6 20. Bh4 d6 21. Bxf6 Rxf6 22. Nd5 Rf7 23. Nb6 Rb8 24. Ba2 Be6 25. Kc3 Rc7 26. Kd2 Rd8 27. Ke2 Ne7 28. Rhd1 Rc6 29. Nd5 Bxd5 30. cxd5 Rc2+ 31.
Rd2 Rdc8 32. Rd1 R8c5 33. f3 Rxd2+ 34. Rxd2 Kf7 35. e4 Kf6 36. b4 Rc3 37. Rd3 Rxd3 38. Kxd3 fxe4+ 39. fxe4 Kg5 40. Bb3 Kf4 41. Bd1 h5 42.
Bf3 Kg5 43. Ke3 Kf6 44. g3 Nc8 45. Be2 Nb6 46. Bd3 Nd7 47. Bc4 1/2-1/2

[Event "*** SCC Grand Prix: Titled Tuesday Blitz"]
[Site "Chess.com"]
[Date "2020.07.07"]
[Round "6"]
[White "bratkoo"]
[Black "BJthechessgod"]
[Result "0-1"]
[WhiteElo "2435"]
[BlackElo "2331"]
[TimeControl "180+1"]
[EndTime "11:07:04 PDT"]
[Termination "BJthechessgod won by checkmate"]

1. e4 c5 2. Nf3 Nc6 3. Nc3 g6 4. d4 cxd4 5. Nxd4 Bg7 6. Be3 Nf6 7. Bc4 O-O 8. f3 Qb6 9. Qd2 Nxe4 10. fxe4 Bxd4 11.
Bxd4 Qxd4 12. Qxd4 Nxd4 13. O-O-O Nc6 14. Rhf1 d6 15. Rf2 Be6 16. Bd5 Rac8 17. a3 Kg7 18.
Rdf1 Bxd5 19. Nxd5 e6 20. Nf6 Ne5 21. Kb1 Rc4 22.
h4 h5 23. Rd2 Rc6 24. c3 Rfc8 25.
Rdf2 b5 26. g4 hxg4 27. h5 R6c7 28. hxg6 fxg6 29. Rh1 Rh8 30. Rxh8 Kxh8 31. Rh2+ Kg7 32. Ne8+ Kf7 33. Nxc7 Kf6 34. Rf2+ Nf3 35. Nxb5 Ke5 36. Kc2 Kf4 37. Nd4 e5 38. Nxf3 gxf3 39. Kd2 g5 40.
Ke1 g4 41. Rd2 g3 42. Rxd6 Ke3 43. Kf1 Kxe4 44. c4 Kf4 45. c5 e4 46. c6 e3 47.
Rf6+ Ke4 48. Re6+ Kd3 49. c7 e2+ 50. Rxe2 fxe2+ 51. Ke1 g2 52. Kf2 e1=Q+ 53. Kxg2 Qe4+ 54. Kf2 Qf4+ 55. Ke1 Qxc7 56. a4 Qc2 57. b4 Qe2# 0-1

[Event "*** SCC Grand Prix: Titled Tuesday Blitz"]
[Site "Chess.com"]
[Date "2020.07.07"]
[Round "6"]
[White "VovenRogel"]
[Black "TigrVShlyape"]
[Result "1/2-1/2"]
[WhiteElo "2720"]
[BlackElo "2887"]
[TimeControl "180+1"]
[EndTime "11:07:05 PDT"]
[Termination "Game drawn - insufficient material"]

1. d4 Nf6 2. c4 g6 3. Nc3 Bg7 4. e4 d6 5. Nf3 O-O 6. Be2 e5 7.
O-O Nc6 8. d5 Ne7 9. b4 Ne8 10.
a4 f5 11. a5 Nf6 12. Bd3 fxe4 13. Nxe4 Bg4 14. Rb1 Nf5 15. h3 Bxf3 16. Qxf3 Bh6 17.
Bxh6 Nxh6 18. Ng5 Nfg4 19. Qg3 Qxg5 20. hxg4 Qxg4 21. Qxg4 Nxg4 22. a6 b6 23. c5 Kg7 24.
Rbc1 dxc5 25. bxc5 Rad8 26. d6 cxd6 27. cxb6 axb6 28. Rc6 d5 29. Be2 Nf6 30. Rxb6 Rf7 31. Re6 e4 32. Ra1 Rdd7 33. Bb5 Ra7 34. Rd6 h5 35. Ra2 h4 36. Be2 Kh6 37. Bd1 Kg5 38. Bb3 Kf5 39. Bxd5 Ke5 40. Bxf7 Kxd6 41. Bxg6 Kc5 42.
f3 exf3 43. gxf3 Kb6 44. Kh2 Rxa6 45. Rxa6+ Kxa6 46. Kh3 Kb6 47. Kxh4 Kc5 48. Kg5 Nd5 49. Bf7 Ne3 50. f4 Kd4 51. f5 Nxf5 1/2-1/2

[Event "*** SCC Grand Prix: Titled Tuesday Blitz"]
[Site "Chess.com"]
[Date "2020.07.07"]
[Round "6"]
[White "cassoulet"]
[Black "Vaathi_Coming"]
[Result "0-1"]
[WhiteElo "2640"]
[BlackElo "2890"]
[TimeControl "180+1"]
[EndTime "11:07:05 PDT"]
[Termination "Vaathi_Coming won by resignation"]

1. e4 c5 2. Nc3 Nc6 3. g3 h5 4.
Nf3 Nd4 5. Bg2 Nxf3+ 6. Bxf3 h4 7. d4 cxd4 8. Qxd4 e6 9. Bf4 Ne7 10. O-O-O Nc6 11. Qe3 e5 12. Bg5 f6 13. Bxh4 g5 14.
Bxg5 fxg5 15. Nd5 d6 16. Qe2 g4 17. Bxg4 Qg5+ 18. Ne3 Nd4 19. Rxd4 exd4 20. f4 Bxg4 21. Nxg4 Qc5 22. Nf6+ Kf7 23. e5 Be7 24. Ne4 Qd5 25. exd6 Bf6 26. Rf1 Rae8 27. Ng5+ Bxg5 28. fxg5+ Kg7 29.
Qg4 Qxd6 30. h4 Rhf8 31. Rd1 d3 32. Rxd3 Rf1+ 33. Kd2 Rf2+ 34. Kd1 Qe5 35. Rd7+ Kg8 36. Qc4+ Kh8 37. Qd4 Qxd4+ 38. Rxd4 Re7 39. g6 Kg7 40. h5 Rg2 41. g4 b5 42. a3 Kh6 43. Rd8 Rxg4 44. Rh8+ Kg5 45. Rh7 Rxh7 46. gxh7 Rd4+ 47. Ke2 Rd8 0-1

[Event "*** SCC Grand Prix: Titled Tuesday Blitz"]
[Site "Chess.com"]
[Date "2020.07.07"]
[Round "6"]
[White "praveenb2002"]
[Black "pedromartinez91"]
[Result "1/2-1/2"]
[WhiteElo "2699"]
[BlackElo "2554"]
[TimeControl "180+1"]
[EndTime "11:07:05 PDT"]
[Termination "Game drawn by repetition"]

1. e4 e6 2. d4 d5 3. Nc3 Nf6 4. e5 Ne4 5. Nxe4 dxe4 6. Be3 c5 7. dxc5 Nd7 8. Qd4 Bxc5 9. Qxe4 Bxe3 10. Qxe3 Qa5+ 11.
c3 Qxe5 12. Qxe5 Nxe5 13. Be2 Bd7 14. Nf3 Nc6 15. O-O-O O-O-O 16. Ng5 Rdf8 17. Rd2 f6 18. Ne4 Kc7 19. Rhd1 Bc8 20. Nd6 Rd8 21. Bf3 Rd7 22. Nb5+ Kd8 23. Bxc6 bxc6 24. Nxa7 Rxd2 25. Rxd2+ Kc7 26.
Nxc8 Rxc8 27. b4 h5 28. Kb2 h4 29. a4 e5 30. Kb3 e4 31. a5 f5 32. g3 g5 33. c4 f4 34. Re2 e3 35. fxe3 f3 36.
Rf2 g4 37. gxh4 Re8 38. Kc3 Rxe3+ 39. Kd2 Rb3 40. Rf1 Rxb4 41. Rg1 Rb2+ 42. Ke3 Re2+ 43.
Kd3 Rg2 44. Rf1 Rxh2 45. Ke3 Rc2 46. Kf4 Rxc4+ 47. Kg3 Kd7 48. h5 Ke7 49. h6 Kf7 50. a6 Kg6 51. Ra1 Rc2 52. a7 Rg2+ 53. Kh4 Kf5 54.
a8=Q Rh2+ 55. Kg3 Rg2+ 56. Kh4 Rh2+ 57. Kg3 Rg2+ 58. Kh4 1/2-1/2

[Event "*** SCC Grand Prix: Titled Tuesday Blitz"]
[Site "Chess.com"]
[Date "2020.07.07"]
[Round "6"]
[White "grzechu96"]
[Black "SaqoChess_Twitch"]
[Result "1/2-1/2"]
[WhiteElo "2658"]
[BlackElo "2447"]
[TimeControl "180+1"]
[EndTime "11:07:07 PDT"]
[Termination "Game drawn by repetition"]

1. e4 c5 2. Nf3 d6 3. d4 cxd4 4. Nxd4 Nf6 5. Nc3 g6 6. Be3 Bg7 7. Be2 O-O 8. Qd2 Nc6 9. O-O-O d5 10. exd5 Nxd5 11. Nxc6 bxc6 12. Nxd5 cxd5 13. Qxd5 Qc7 14.
Qc5 Qb7 15. Bd4 Bf5 16. Bf3 Qa6 17. Qc6 Qxa2 18. Bxg7 Rfd8 19. Bd5 Qa1+ 20. Kd2 Qa5+ 21.
Ke2 Kxg7 22. Qc3+ Qxc3 23. bxc3 Rac8 24. Bb3 Rxd1 25. Rxd1 Rxc3 26. Kd2 Rc7 27. Ra1 Kf6 28. Ra5 Be4 29. g3 h5 30. h4 e6 31. Ke3 Bxc2 32. Bxc2 Rxc2 33. Rxa7 Rc3+ 34. Ke2 Rc5 35. Kf3 Rb5 36. Kg2 Rb6 37. Kf3 e5 38. Kg2 Ke6 39. Kf3 f5 40. Rg7 Kf6 41. Ra7 g5 42. hxg5+ Kxg5 43.
Rg7+ Kf6 44. Rh7 Kg6 45. Rh8 Rb3+ 46. Ke2 Rb2+ 47. Ke3 Rb3+ 48. Ke2 e4 49. Rg8+ Kf6 50.
Rh8 Rb2+ 51. Ke3 Rb3+ 52. Ke2 Kg5 53. Rg8+ Kf6 54. Rh8 1/2-1/2

[Event "*** SCC Grand Prix: Titled Tuesday Blitz"]
[Site "Chess.com"]
[Date "2020.07.07"]
[Round "6"]
[White "SARGISMV"]
[Black "MiroVlasenko"]
[Result "1-0"]
[WhiteElo "2492"]
[BlackElo "2616"]
[TimeControl "180+1"]
[EndTime "11:07:07 PDT"]
[Termination "SARGISMV won by resignation"]

1. Nf3 Nf6 2. c4 e6 3. Nc3 Bb4 4. d4 b6 5. Bd2 Bb7 6. e3 O-O 7. Bd3 d6 8. O-O Nbd7 9. Qc2 Qe7 10. e4 Bxc3 11. Bxc3 e5 12. d5 a5 13. Rfe1 Nh5 14.
b3 Nc5 15. Bf1 Bc8 16. a3 a4 17. b4 Nb3 18. Rad1 f5 19. Nd2 Nxd2 20. Rxd2 f4 21. c5 g5 22. cxd6 cxd6 23. b5 Bd7 24. Bb4 Rfc8 25. Qd1 Nf6 26. Rc2 g4 27. Rxc8+ Bxc8 28. Qc2 Bb7 29. Rc1 Ne8 30. g3 f3 31. Qd2 Kg7 32.
h4 Rc8 33. Rxc8 Bxc8 34. Qe3 Qc7 35. Bd2 Kg8 36. Qg5+ Ng7 37. h5 Kf7 38. h6 Ne8 39. Qh5+ Kf8 40. Qg5 Bd7 41. Bb4 Qc2 42. Bxd6+ Nxd6 43. Qd8+ Ne8 44. Qxd7 Qxe4 45. Qe6 Qg6 46. Qxe5 Qf6 47.
Qe3 Nd6 48. Qxb6 Qxh6 49. Qd8+ Ne8 50. b6 Qd6 51. Qxd6+ Nxd6 52. Ba6 Ke7 53. b7 1-0

[Event "*** SCC Grand Prix: Titled Tuesday Blitz"]
[Site "Chess.com"]
[Date "2020.07.07"]
[Round "6"]
[White "Alexandercs432"]
[Black "I_Hit_18K_on_BS"]
[Result "1-0"]
[WhiteElo "2126"]
[BlackElo "2024"]
[TimeControl "180+1"]
[EndTime "11:07:07 PDT"]
[Termination "Alexandercs432 won on time"]

1. e4 c5 2. Nf3 d6 3. d4 cxd4 4. Nxd4 Nf6 5. Nc3 a6 6. Be3 e5 7. Nb3 Be6 8. f3 Nbd7 9. Qd2 b5 10. O-O-O Nb6 11. Na5 Nc4 12. Nxc4 bxc4 13. g4 Be7 14. g5 Nd7 15. Nd5 Bxd5 16. exd5 Nb6 17. Bxb6 Qxb6 18. Bxc4 Rb8 19. Bb3 h6 20. h4 a5 21. a4 Rc8 22.
Kb1 Kd7 23. Rhg1 hxg5 24. hxg5 Rh4 25. Rg4 Rxg4 26. fxg4 Qb4 27. Qf2 Qxg4 28. Rg1 Qd4 29. Qg2 Ke8 30. Rh1 Kd7 31. Qh3+ Kc7 32. Qf5 Qf4 33. Qd3 Bxg5 34. Qa6 Qb4 35. Qc6+ Kd8 36. Rh8+ Ke7 37. Rxc8 Kf6 38. Rd8 Qe1+ 39. Ka2 e4 40.
Rxd6+ Kf5 41. Rd7 f6 42. Qe6+ Kf4 43. d6 e3 44. Qc4+ Kf5 45. Qe6+ Kf4 46. Re7 Kg3 47. Qc4 1-0

[Event "*** SCC Grand Prix: Titled Tuesday Blitz"]
[Site "Chess.com"]
[Date "2020.07.07"]
[Round "6"]
[White "karinachess1"]
[Black "abykhovsky"]
[Result "0-1"]
[WhiteElo "2498"]
[BlackElo "2683"]
[TimeControl "180+1"]
[EndTime "11:07:08 PDT"]
[Termination "abykhovsky won by resignation"]

1. c4 e5 2. Nc3 Nf6 3. Nf3 Nc6 4. a3 g6 5. g3 Bg7 6. Bg2 O-O 7. O-O Re8 8. d3 h6 9. Rb1 d6 10. b4 Bf5 11. b5 Nd4 12. Re1 Qd7 13. a4 Nxf3+ 14.
Bxf3 e4 15. dxe4 Nxe4 16. Nxe4 Bxe4 17. Rb3 Qf5 18. Re3 Bxf3 19. Rxf3 Qe4 20. Qd3 Qxd3 21.
Rxd3 Re4 22. c5 dxc5 23. Rd7 Rxa4 24. Rxc7 b6 25. Bf4 g5 26. Be3 Rd8 27. Kg2 Ra5 28. Rb1 Ra2 29. Kf3 Rd6 30. Re1 Bd4 31. Bxd4 Rxd4 32. Rb1 Rdd2 33. Re1 Kg7 34. h4 Rd4 35. hxg5 hxg5 36. g4 Raa4 37. Rg1 Rf4+ 38. Ke3 Ra3+ 39.
Kd2 Rxf2 40. Rc1 Ra2+ 41. Ke3 Raxe2+ 42. Kd3 Ra2 43. Kc4 Rfd2 44. Rf1 Rf2 45. Rxf2 Rxf2 46. Rxa7 Rd2 47. Rb7 Rd4+ 48. Kc3 Rxg4 49. Rxb6 Rb4 50. Rb8 g4 51. b6 g3 52. Rc8 Rxb6 53. Rxc5 g2 54.
Rg5+ Rg6 0-1

[Event "*** SCC Grand Prix: Titled Tuesday Blitz"]
[Site "Chess.com"]
[Date "2020.07.07"]
[Round "6"]
[White "mjray79"]
[Black "Jbd735"]
[Result "1-0"]
[WhiteElo "2325"]
[BlackElo "2428"]
[TimeControl "180+1"]
[EndTime "11:07:08 PDT"]
[Termination "mjray79 won by checkmate"]

1. d4 d5 2. c4 c6 3. Nf3 e6 4. Nc3 Nf6 5. e3 Nbd7 6. Be2 dxc4 7. Bxc4 b5 8. Be2 a6 9. O-O c5 10. e4 b4 11. e5 bxc3 12. exf6 cxb2 13. fxg7 Bxg7 14.
Bxb2 O-O 15. Rb1 Rb8 16. Qd2 Bb7 17. dxc5 Nxc5 18. Qe3 Bxf3 19. Bxg7 Rxb1 20. Rxb1 Kxg7 21. Bxf3 Qe7 22. Qe5+ f6 23. Qg3+ Kh8 24. Qh4 Rd8 25.
h3 e5 26. Be4 Nxe4 27. Qxe4 Qd7 28. Rb7 Qd1+ 29. Kh2 Qh5 30. Rb6 Rd4 31. Qa8+ Kg7 32. Rb7+ Kg6 33. Qe8+ Kh6 34. Rxh7+ Kxh7 35. Qxh5+ Kg7 36.
Qf5 a5 37. Qc8 a4 38. Qc3 Kg6 39. Kg3 Kf5 40. Kf3 Rf4+ 41. Ke3 Re4+ 42. Kd3 Rf4 43. Qc2 Rd4+ 44. Ke3+ Kg5 45. g3 Kh6 46. f4 Kg7 47.
fxe5 fxe5 48. Qc7+ Kf6 49. Qb6+ Kf5 50. Qxd4 exd4+ 51. Kxd4 a3 52. Kc3 Ke4 53. Kb3 Kf3 54. Kxa3 Kxg3 55.
Kb4 Kxh3 56. a3 Kg3 57. a4 Kf2 58. a5 Ke3 59. a6 Kd2 60. a7 Ke3 61. a8=Q Kf2 62.
Kc3 Kg3 63. Kd3 Kf2 64. Qf8+ Ke1 65. Ke3 Kd1 66. Qf2 Kc1 67. Kd3 Kb1 68. Kc3 Kc1 69.
Qc2# 1-0

[Event "*** SCC Grand Prix: Titled Tuesday Blitz"]
[Site "Chess.com"]
[Date "2020.07.07"]
[Round "6"]
[White "Belka1989"]
[Black "Blagorod"]
[Result "1-0"]
[WhiteElo "2273"]
[BlackElo "2096"]
[TimeControl "180+1"]
[EndTime "11:07:08 PDT"]
[Termination "Belka1989 won on time"]

1. d4 d5 2. Nf3 Nc6 3. Bf4 Bg4 4. e3 e6 5. c3 Bd6 6. Bg3 Nge7 7.
Nbd2 Nf5 8. Bd3 O-O 9. Bxd6 cxd6 10. h3 Bxf3 11. Qxf3 Nfe7 12. e4 dxe4 13. Qxe4 Ng6 14. h4 d5 15. Qg4 e5 16. h5 Nf4 17. Bc2 f5 18. Qg3 Qf6 19. Nf3 e4 20. Qxf4 exf3 21.
Qxf3 Rae8+ 22. Kd2 Qg5+ 23. Kd3 Re4 24. Rae1 Rfe8 25. Re3 Kf7 26. Rhe1 Rxe3+ 27. Rxe3 Rxe3+ 28. fxe3 Ke6 29. Bb3 Ne7 30. Ke2 h6 31. Bc2 b6 32.
Bb3 a6 33. c4 Qh4 34. c5 bxc5 35. dxc5 Qf6 36. c6 Qxb2+ 37. Kf1 Qc1+ 38. Kf2 Qxc6 39. Kg3 Qd6+ 40. Kf2 Qc5 41. Qe2 Qb5 42. Qxb5 axb5 43. Ke2 Ke5 44. Kd3 Nc6 45. Bd1 Nb4+ 46. Kc3 Nxa2+ 47. Kb2 Nb4 48. Be2 1-0

[Event "*** SCC Grand Prix: Titled Tuesday Blitz"]
[Site "Chess.com"]
[Date "2020.07.07"]
[Round "6"]
[White "talman67"]
[Black "fmshawnrl123"]
[Result "0-1"]
[WhiteElo "2486"]
[BlackElo "2649"]
[TimeControl "180+1"]
[EndTime "11:07:09 PDT"]
[Termination "fmshawnrl123 won on time"]

1. e4 c6 2. d4 d5 3. e5 Bf5 4.
Nf3 e6 5. Be2 Bb4+ 6. c3 Ba5 7.
Qb3 Qb6 8. Nh4 Bxb1 9. Rxb1 Qxb3 10. axb3 Nd7 11. f4 Ne7 12. Bd3 Ng6 13. b4 Nxh4 14. bxa5 Nxg2+ 15. Kf2 Nh4 16. Kg3 Ng6 17. h4 a6 18. h5 Ne7 19. b4 O-O-O 20. Kg4 Kc7 21.
Bd2 f5+ 22. Kf3 Rdg8 23. Be1 Kd8 24. Bh4 Ke8 25. Rbg1 h6 26. c4 dxc4 27. Bxc4 Nf8 28. Rg2 Nd5 29. Bxd5 exd5 30. Rhg1 Kf7 31. Rg6 Nxg6 32.
Rxg6 Rb8 33. e6+ Kg8 34. Bf6 Rh7 35. Be5 Re8 36. Ke3 Kf8 37. Bd6+ Kg8 38. Kd3 Rh8 39.
Kc3 Kh7 40. e7 Kg8 41. b5 axb5 42. Kb4 Kf7 43. Kc5 Ra8 44. Kb6 Ra6+ 45. Kc7 Rxa5 46. Kd7 b6 47. Be5 Ra7+ 48. Kd6 Rg8 49. Bxg7 Rxe7 0-1

[Event "*** SCC Grand Prix: Titled Tuesday Blitz"]
[Site "Chess.com"]
[Date "2020.07.07"]
[Round "6"]
[White "Alexsur1981"]
[Black "Crazy_girl99"]
[Result "0-1"]
[WhiteElo "2577"]
[BlackElo "2453"]
[TimeControl "180+1"]
[EndTime "11:07:09 PDT"]
[Termination "Crazy_girl99 won on time"]

1. e4 e5 2. f4 exf4 3. Nf3 d5 4. exd5 Nf6 5. Bc4 Bd6 6. d4 O-O 7. O-O Bg4 8. Bb3 c6 9. c4 cxd5 10. c5 Bc7 11. Nc3 Nc6 12. Qd3 a6 13. Ne2 Qb8 14. Ng5 h6 15. Nxf4 hxg5 16. Nxd5 Bxh2+ 17. Kh1 Nxd5 18. Bxd5 Qg3 19. Qxg3 Bxg3 20. Bxg5 Nxd4 21. Bxb7 Rab8 22. c6 Ne6 23. Be3 Nd8 24. Bf4 Bxf4 25. Rxf4 Nxb7 26. cxb7 Be6 27. Rb4 Bd5 28. Rd1 Rxb7 29.
Rxb7 Bxb7 30. Rd6 Re8 31. Rb6 Bc8 32. Kh2 g6 33. b4 Kg7 34. a4 Re6 35. Rb8 Bd7 36.
b5 axb5 37. axb5 Re5 38. b6 Rb5 39. Kg3 Be6 40. Kf4 Kf6 41. g3 Rb4+ 42. Ke3 Kf5 43. Kd3 Kg4 44. Kc3 Rb3+ 45. Kd4 Kxg3 46. Kc5 g5 47.
Rg8 g4 48. Kc6 Bf5 49. Rg7 Be4+ 50. Kc5 f5 51. Rg5 Kf2 52. Rg7 g3 53. b7 Rxb7 54.
Rg5 g2 55. Kd6 g1=Q 56. Rxg1 Kxg1 57. Ke5 Kf2 58. Kf4 Rb4 59. Kg5 Bc2 60. Kf6 f4 61. Ke5 f3 62. Kd6 Re4 63. Kc5 Kg2 64. Kd5 f2 65. Kd6 f1=Q 66. Kd7 Qd3+ 67. Kc7 Rc4+ 68. Kb6 Qb3+ 0-1

[Event "*** SCC Grand Prix: Titled Tuesday Blitz"]
[Site "Chess.com"]
[Date "2020.07.07"]
[Round "6"]
[White "Matols"]
[Black "Djager97"]
[Result "1-0"]
[WhiteElo "2197"]
[BlackElo "2384"]
[TimeControl "180+1"]
[EndTime "11:07:09 PDT"]
[Termination "Matols won by resignation"]

1. d4 Nf6 2. c4 c5 3. d5 d6 4. Nc3 g6 5. e4 Bg7 6. f4 O-O 7. Nf3 e6 8. dxe6 Bxe6 9. Bd3 Nc6 10. f5 Bd7 11. O-O Ng4 12. Nd5 Nd4 13. h3 Nxf3+ 14. Qxf3 Bd4+ 15. Kh1 Ne5 16. Qg3 Nxd3 17. Qxd3 Qh4 18. f6 Rae8 19. Bf4 Bc6 20. Bxd6 Bxd5 21.
exd5 Re3 22. Qd2 Rfe8 23. Be7 Qg5 24. Rad1 Be5 25. Rf3 Bf4 26. Rxe3 Bxe3 27. Qd3 Bd4 28. Qf3 Rxe7 29. fxe7 Qxe7 30. b3 Kg7 31. Qf1 Qd6 32.
Re1 Bf6 33. Qe2 Qg3 34. Qe3 Qd6 35. Rf1 Bd4 36. Qe4 f5 37. Qe8 Qg3 38. Qe7+ Kh6 39.
Rf3 Qg5 40. Qxg5+ Kxg5 41. Rf1 Kf6 42. Re1 Be5 43. Re2 f4 44. Kg1 g5 45. Kf2 h5 46. Kf3 Kf5 47. a3 Bd4 48. Re8 g4+ 49.
hxg4+ hxg4+ 50. Ke2 Be5 51. Re7 b6 52. Rxa7 Ke4 53.
Re7 Kf5 54. b4 Bd6 55. Re6 Bf8 56. Rxb6 cxb4 57. axb4 Ke4 58. d6 f3+ 59. gxf3+ gxf3+ 60. Kf1 Bh6 61. d7 Bg5 62. Rb8 Kd3 63. d8=Q+ Bxd8 1-0